General information
- name: BNet
- type: Ladder team game (AT/RT)
- host: Battle.net
- saver: BigBuck
map: Mur'gulOasis
- players: 8
- length: 37:21
- speed: Fast
- version: 1.26 W3XP
- replay type: Public
» download(216 KB)
Players
team 1 (loser)
I_h8_this_game. (
pink | 53 APM | 983 actions | 18:36)
5 Priestess of the Moon
3 Trueshot Aura
2 Searing Arrows
1 Keeper of the Grove
1 Entangling Roots
» actions
| Basic commands | 1 | |
| Build / train | 54 | |
| Enter build submenu | 12 | |
| Enter hero's abilities submenu | 6 | |
| Give item / drop item | 1 | |
| Right click | 618 | |
| Select / deselect | 251 | |
| Use ability | 40 | |
983 total
» units
| Wisp | 10 | |
| Archer | 18 | |
| Hippogryph | 7 | |
35 total
» upgrades
| Hippogryph Taming | 1 | |
| Improved Bows | 1 | |
| Strength of the Moon | 2 | |
| Moon Armor | 2 | |
6 total
» buildings
| Altar of Elders | 1 | |
| Moon Well | 6 | |
| Ancient of War | 1 | |
| Tree of Ages | 1 | |
| Hunter's Hall | 1 | |
| Ancient of Wind | 2 | |
| Tree of Eternity | 1 | |
13 total
» build order
00:25 Altar of Elders
00:28 Moon Well
01:01 Ancient of War
01:47 Moon Well
02:35 Tree of Ages
03:59 Moon Well
04:04 Hunter's Hall
05:03 Ancient of Wind
05:15 Ancient of Wind
08:15 Moon Well
10:34 Moon Well
14:22 Tree of Eternity
15:06 Moon Well
» items
| Scroll of Protection | 1 | |
| Scroll of Healing | 1 | |
| Potion of Lesser Invulnerability | 1 | |
3 total
clubfitusa (
purple | 34 APM | 646 actions | 19:02)
3 Blademaster
2 Wind Walk
1 Critical Strike
» actions
| Assign group hotkey | 6 | |
| Basic commands | 55 | |
| Build / train | 31 | |
| Enter build submenu | 14 | |
| Enter hero's abilities submenu | 3 | |
| Remove unit from queue | 5 | |
| Right click | 91 | |
| Select / deselect | 133 | |
| Select group hotkey | 258 | |
| Use ability | 50 | |
646 total
» units
» buildings
| Altar of Storms | 1 | |
| Orc Burrow | 2 | |
| Barracks | 1 | |
| Voodoo Lounge | 1 | |
| War Mill | 1 | |
| Stronghold | 1 | |
| Fortress | 0 | |
| Spirit Lodge | 3 | |
| Watch Tower | 4 | |
14 total
» build order
00:11 Altar of Storms
00:22 Orc Burrow
00:29 Barracks
01:29 Voodoo Lounge
02:03 Orc Burrow
03:29 War Mill
04:16 Stronghold
06:38 Fortress
06:43 Spirit Lodge
06:47 Spirit Lodge
06:53 Spirit Lodge
08:43 Watch Tower
08:46 Watch Tower
09:06 Watch Tower
09:16 Watch Tower
» items
| Healing Salve | 1 | |
| Lesser Clarity Potion | 2 | |
| Scroll of Speed | 1 | |
| Potion of Healing | 1 | |
| Potion of Mana | 1 | |
6 total

»
oddnut (
blue | 36 APM | 700 actions | 19:21)
3 Mountain King
2 Storm Bolt
1 Bash
1 Paladin
1 Holy Light
» actions
| Assign group hotkey | 9 | |
| Build / train | 63 | |
| Enter build submenu | 19 | |
| Enter hero's abilities submenu | 4 | |
| Remove unit from queue | 3 | |
| Right click | 302 | |
| Select / deselect | 196 | |
| Select group hotkey | 39 | |
| Use ability | 65 | |
700 total
» units
| Peasant | 10 | |
| Footman | 18 | |
| Gryphon Rider | 4 | |
32 total
» upgrades
| Defend | 1 | |
| Swords | 2 | |
| Armor | 1 | |
| Storm Hammers | 1 | |
| Animal War Training | 1 | |
6 total
» buildings
| Altar of Kings | 1 | |
| Farm | 11 | |
| Lumber Mill | 1 | |
| Barracks | 1 | |
| Scout Tower | 4 | |
| Guard Tower | 3 | |
| Blacksmith | 1 | |
| Arcane Tower | 2 | |
| Arcane Vault | 1 | |
| Keep | 1 | |
| Gryphon Aviary | 2 | |
| Castle | 1 | |
29 total
» build order
00:15 Altar of Kings
00:19 Farm
00:50 Lumber Mill
01:01 Barracks
01:30 Farm
01:31 Farm
02:27 Scout Tower
02:56 Scout Tower
02:57 Guard Tower
03:25 Blacksmith
03:30 Arcane Tower
03:30 Arcane Tower
03:43 Farm
03:44 Farm
03:46 Farm
04:06 Arcane Vault
04:53 Scout Tower
06:17 Keep
06:18 Guard Tower
06:23 Scout Tower
06:28 Farm
07:54 Guard Tower
10:04 Gryphon Aviary
10:08 Gryphon Aviary
11:04 Castle
15:04 Farm
15:05 Farm
15:07 Farm
15:08 Farm
» items
| Lesser Clarity Potion | 3 | |
| Healing Salve | 1 | |
| Potion of Mana | 2 | |
| Potion of Healing | 3 | |
9 total
BeastsOfPrey (
orange | 89 APM | 3311 actions | 37:20)
6 Blood Mage
3 Flame Strike
2 Siphon Mana
1 Summon Phoenix
2 Paladin
1 Devotion Aura
1 Holy Light
» actions
| Assign group hotkey | 67 | |
| Basic commands | 30 | |
| Build / train | 209 | |
| ESC pressed | 7 | |
| Enter build submenu | 75 | |
| Enter hero's abilities submenu | 8 | |
| Give item / drop item | 14 | |
| Right click | 1378 | |
| Select / deselect | 635 | |
| Select group hotkey | 672 | |
| Use ability | 216 | |
3311 total
» units
| Peasant | 38 | |
| Footman | 19 | |
| Sorceress | 2 | |
| Spell Breaker | 1 | |
| Gryphon Rider | 12 | |
| Dragonhawk Rider | 2 | |
74 total
» upgrades
| Swords | 4 | |
| Masonry | 6 | |
| Defend | 1 | |
| Armor | 3 | |
| Sorceress Training | 3 | |
| Magic Sentry | 1 | |
| Lumber Harvesting | 3 | |
| Storm Hammers | 1 | |
| Animal War Training | 1 | |
| Nature's Blessing | 1 | |
| Cloud | 1 | |
25 total
» buildings
| Altar of Kings | 2 | |
| Barracks | 1 | |
| Farm | 13 | |
| Arcane Vault | 2 | |
| Lumber Mill | 2 | |
| Blacksmith | 2 | |
| Keep | 5 | |
| Scout Tower | 38 | |
| Guard Tower | 37 | |
| Castle | 9 | |
| Arcane Sanctum | 2 | |
| Gryphon Aviary | 4 | |
| Hunter's Hall | 1 | |
| Town Hall | 1 | |
119 total
» build order
00:12 Altar of Kings
00:14 Barracks
00:16 Farm
00:56 Farm
01:33 Farm
02:15 Arcane Vault
03:51 Farm
04:47 Lumber Mill
04:54 Blacksmith
05:50 Keep
06:46 Farm
08:14 Scout Tower
08:16 Scout Tower
09:26 Scout Tower
09:34 Guard Tower
09:34 Guard Tower
09:55 Guard Tower
10:12 Farm
10:46 Castle
10:46 Castle
10:47 Castle
11:20 Arcane Sanctum
14:37 Gryphon Aviary
14:39 Gryphon Aviary
18:49 Hunter's Hall
19:09 Scout Tower
19:54 Guard Tower
19:54 Guard Tower
20:32 Scout Tower
20:33 Scout Tower
20:33 Scout Tower
20:34 Scout Tower
20:34 Scout Tower
20:36 Scout Tower
20:58 Town Hall
21:01 Scout Tower
21:02 Scout Tower
21:03 Scout Tower
21:05 Scout Tower
21:06 Scout Tower
21:07 Scout Tower
21:15 Guard Tower
21:15 Guard Tower
21:16 Guard Tower
21:23 Scout Tower
21:24 Scout Tower
21:25 Scout Tower
21:25 Scout Tower
21:26 Scout Tower
21:28 Scout Tower
21:29 Scout Tower
21:32 Guard Tower
21:34 Scout Tower
21:36 Scout Tower
21:36 Guard Tower
21:36 Guard Tower
21:38 Guard Tower
21:38 Guard Tower
21:38 Guard Tower
22:19 Guard Tower
22:19 Guard Tower
22:19 Guard Tower
22:26 Scout Tower
22:27 Scout Tower
22:28 Scout Tower
22:29 Scout Tower
22:30 Scout Tower
22:30 Scout Tower
22:30 Scout Tower
22:53 Lumber Mill
22:56 Farm
22:57 Farm
23:07 Farm
24:17 Farm
24:22 Farm
25:35 Scout Tower
25:37 Scout Tower
25:39 Scout Tower
25:41 Scout Tower
25:46 Scout Tower
25:49 Scout Tower
26:03 Guard Tower
26:03 Guard Tower
26:05 Guard Tower
26:05 Guard Tower
26:06 Guard Tower
26:07 Guard Tower
26:07 Guard Tower
26:08 Guard Tower
26:19 Guard Tower
27:49 Arcane Vault
28:26 Keep
28:26 Keep
29:42 Altar of Kings
30:46 Castle
30:47 Castle
31:28 Gryphon Aviary
31:31 Gryphon Aviary
32:15 Blacksmith
32:19 Farm
34:40 Farm
35:00 Arcane Sanctum
» items
| Scroll of Regeneration | 10 | |
| Periapt of Vitality | 1 | |
| Staff of Teleportation | 1 | |
| Boots of Speed | 5 | |
| Lesser Clarity Potion | 5 | |
| Potion of Invisibility | 4 | |
| Scroll of Healing | 1 | |
27 total
team 2 (winner)
PayWith_URsweat (
red | 37 APM | 1065 actions | 29:08)
5 Mountain King
3 Storm Bolt
2 Bash
2 Blood Mage
1 Siphon Mana
1 Banish
» actions
| Assign group hotkey | 24 | |
| Basic commands | 88 | |
| Build / train | 87 | |
| Enter build submenu | 23 | |
| Enter hero's abilities submenu | 7 | |
| Remove unit from queue | 3 | |
| Right click | 351 | |
| Select / deselect | 336 | |
| Select group hotkey | 82 | |
| Use ability | 64 | |
1065 total
» units
| Peasant | 8 | |
| Rifleman | 16 | |
| Siege Engine | 6 | |
| Flying Machine | 24 | |
54 total
» upgrades
| Gunpowder | 3 | |
| Armor | 2 | |
| Long Rifles | 1 | |
| Lumber Harvesting | 1 | |
| Barrage | 1 | |
| Plating | 3 | |
| Flak Cannons | 1 | |
| Flying Machine Bombs | 1 | |
13 total
» buildings
| Altar of Kings | 1 | |
| Farm | 13 | |
| Blacksmith | 1 | |
| Barracks | 1 | |
| Lumber Mill | 1 | |
| Keep | 1 | |
| Arcane Vault | 1 | |
| Castle | 1 | |
| Workshop | 1 | |
21 total
» build order
00:22 Altar of Kings
00:27 Farm
00:51 Blacksmith
00:56 Barracks
01:51 Farm
02:31 Farm
04:10 Farm
04:17 Lumber Mill
05:08 Keep
06:12 Arcane Vault
06:18 Farm
06:57 Farm
07:29 Farm
08:19 Castle
10:15 Workshop
11:20 Farm
16:17 Farm
16:57 Farm
20:02 Farm
20:52 Farm
22:04 Farm
» items
| Scroll of Regeneration | 2 | |
| Lesser Clarity Potion | 1 | |
| Scroll of Town Portal | 2 | |
5 total
madara-wsa (
teal | 41 APM | 1539 actions | 37:20)
5 Blood Mage
3 Flame Strike
2 Siphon Mana
4 Paladin
2 Holy Light
2 Divine Shield
1 Mountain King
1 Storm Bolt
» actions
| Assign group hotkey | 28 | |
| Basic commands | 95 | |
| Build / train | 90 | |
| Enter build submenu | 25 | |
| Enter hero's abilities submenu | 10 | |
| Right click | 591 | |
| Select / deselect | 490 | |
| Select group hotkey | 134 | |
| Use ability | 76 | |
1539 total
» units
| Peasant | 13 | |
| Footman | 16 | |
| Mortar Team | 2 | |
| Siege Engine | 9 | |
| Knight | 6 | |
| Flying Machine | 11 | |
57 total
» upgrades
| Defend | 1 | |
| Swords | 3 | |
| Plating | 5 | |
| Gunpowder | 2 | |
| Barrage | 1 | |
| Animal War Training | 1 | |
| Lumber Harvesting | 1 | |
14 total
» buildings
| Farm | 14 | |
| Barracks | 2 | |
| Altar of Kings | 1 | |
| Scout Tower | 1 | |
| Arcane Tower | 1 | |
| Arcane Vault | 1 | |
| Lumber Mill | 1 | |
| Keep | 1 | |
| Blacksmith | 1 | |
| Workshop | 2 | |
| Castle | 1 | |
| Town Hall | 1 | |
27 total
» build order
00:08 Farm
00:10 Barracks
00:14 Altar of Kings
00:48 Farm
01:33 Scout Tower
02:04 Arcane Tower
02:21 Arcane Vault
02:36 Farm
03:22 Lumber Mill
03:32 Farm
05:03 Keep
06:24 Blacksmith
06:31 Farm
08:16 Workshop
08:20 Barracks
08:48 Castle
10:44 Farm
10:46 Farm
11:28 Workshop
12:06 Farm
13:59 Farm
15:24 Town Hall
16:09 Farm
21:32 Farm
21:33 Farm
21:38 Farm
21:41 Farm
» items
| Lesser Clarity Potion | 1 | |
| Scroll of Regeneration | 1 | |
| Scroll of Town Portal | 1 | |
3 total
BigBuck (
green | 53 APM | 1998 actions | 37:21)
6 Archmage
3 Summon Water Elemental
2 Brilliance Aura
1 Mass Teleport
» actions
| Assign group hotkey | 136 | |
| Basic commands | 315 | |
| Build / train | 88 | |
| Enter build submenu | 61 | |
| Enter hero's abilities submenu | 6 | |
| Give item / drop item | 5 | |
| Remove unit from queue | 1 | |
| Right click | 668 | |
| Select / deselect | 397 | |
| Select group hotkey | 175 | |
| Use ability | 146 | |
1998 total
» units
| Peasant | 17 | |
| Footman | 7 | |
| Dragonhawk Rider | 2 | |
| Gryphon Rider | 12 | |
38 total
» upgrades
| Lumber Harvesting | 2 | |
| Storm Hammers | 1 | |
| Swords | 3 | |
| Armor | 3 | |
| Animal War Training | 1 | |
| Masonry | 2 | |
| Cloud | 1 | |
13 total
» buildings
| Altar of Kings | 1 | |
| Barracks | 2 | |
| Farm | 12 | |
| Arcane Vault | 3 | |
| Keep | 1 | |
| Lumber Mill | 3 | |
| Scout Tower | 33 | |
| Arcane Tower | 1 | |
| Castle | 1 | |
| Guard Tower | 16 | |
| Gryphon Aviary | 5 | |
| Blacksmith | 2 | |
| Town Hall | 2 | |
82 total
» build order
00:46 Altar of Kings
00:46 Barracks
00:51 Barracks
01:08 Farm
01:09 Farm
01:50 Farm
02:41 Arcane Vault
03:13 Keep
04:00 Lumber Mill
04:34 Scout Tower
04:43 Lumber Mill
05:20 Arcane Tower
06:34 Scout Tower
06:35 Scout Tower
06:35 Scout Tower
06:37 Scout Tower
06:38 Scout Tower
06:39 Scout Tower
06:43 Scout Tower
06:44 Scout Tower
08:23 Castle
08:24 Guard Tower
09:58 Gryphon Aviary
09:59 Gryphon Aviary
10:00 Gryphon Aviary
10:01 Gryphon Aviary
11:26 Blacksmith
11:29 Blacksmith
11:34 Farm
11:34 Farm
11:34 Farm
11:34 Farm
11:38 Farm
16:14 Town Hall
16:24 Arcane Vault
16:29 Scout Tower
16:29 Scout Tower
16:38 Arcane Vault
16:41 Scout Tower
16:46 Scout Tower
16:46 Scout Tower
16:46 Scout Tower
16:47 Scout Tower
16:47 Scout Tower
16:49 Scout Tower
16:49 Scout Tower
16:51 Scout Tower
16:51 Scout Tower
16:54 Scout Tower
16:54 Scout Tower
16:55 Scout Tower
17:03 Lumber Mill
17:07 Guard Tower
18:07 Guard Tower
19:38 Guard Tower
19:42 Town Hall
20:17 Scout Tower
20:19 Scout Tower
20:20 Scout Tower
20:21 Scout Tower
20:27 Scout Tower
20:27 Scout Tower
20:28 Scout Tower
20:29 Scout Tower
20:34 Scout Tower
21:41 Farm
21:41 Farm
21:42 Farm
21:42 Farm
22:56 Guard Tower
22:58 Guard Tower
22:59 Guard Tower
22:59 Guard Tower
22:59 Guard Tower
23:01 Guard Tower
23:01 Guard Tower
23:02 Guard Tower
23:02 Guard Tower
26:34 Guard Tower
27:55 Gryphon Aviary
» items
| Lesser Clarity Potion | 2 | |
| Scroll of Regeneration | 5 | |
| Potion of Healing | 1 | |
| Periapt of Vitality | 1 | |
| Staff of Teleportation | 1 | |
10 total
the_wetback (
yellow | 43 APM | 1117 actions | 26:01)
4 Lich
2 Frost Nova
2 Dark Ritual
» actions
| Basic commands | 3 | |
| Build / train | 49 | |
| Enter build submenu | 16 | |
| Enter hero's abilities submenu | 5 | |
| Remove unit from queue | 1 | |
| Right click | 651 | |
| Select / deselect | 359 | |
| Use ability | 33 | |
1117 total
» units
| Acolyte | 9 | |
| Ghoul | 13 | |
| Crypt Fiend | 7 | |
| Necromancer | 2 | |
31 total
» upgrades
| Unholy Strength | 1 | |
| Cannibalize | 1 | |
| Web | 1 | |
| Necromancer Training | 1 | |
| Skeletal Longevity | 1 | |
5 total
» buildings
| Ziggurat | 6 | |
| Altar of Darkness | 1 | |
| Crypt | 3 | |
| Nerubian Tower | 1 | |
| Tomb of Relics | 1 | |
| Graveyard | 1 | |
| Spirit Tower | 2 | |
| Halls of the Dead | 1 | |
| Temple of the Damned | 1 | |
| Sacrificial Pit | 1 | |
18 total
» build order
00:13 Ziggurat
00:19 Altar of Darkness
00:24 Crypt
01:10 Nerubian Tower
01:40 Ziggurat
01:59 Tomb of Relics
02:18 Graveyard
02:48 Ziggurat
03:34 Ziggurat
03:43 Spirit Tower
04:04 Ziggurat
05:00 Spirit Tower
05:28 Halls of the Dead
09:20 Crypt
09:29 Temple of the Damned
09:49 Ziggurat
10:43 Crypt
13:44 Sacrificial Pit
» items
| Rod of Necromancy | 2 | |
| Dust of Appearance | 1 | |
| Scroll of Town Portal | 1 | |
4 total
Chat log
(00:04 / Allies) madara-wsa: rush
(00:15 / All) BigBuck: Smells like beans over here
(00:17 / Allies) madara-wsa: 3 human
(00:22 / All) BeastsOfPrey: Haven't gotten this map in a while
(00:33 / All) PayWith_URsweat: which map
(00:35 / All) the_wetback: ITS MY COOK GREEN
(00:39 / All) BeastsOfPrey: this one
(00:47 / All) PayWith_URsweat: what do you mean
(01:02 / All) BeastsOfPrey: Do you speak English? Are you Brazilian?
(01:04 / All) BigBuck: I had two peons queued it wanted to build altar and barracks
(01:06 / All) the_wetback: green has insulted the MEXICAN!!
(01:12 / All) PayWith_URsweat: yes i speak english, no
(01:13 / All) BigBuck: wioth one peon
(01:16 / All) PayWith_URsweat: are you?
(01:28 / All) BeastsOfPrey: No, I am a Cisalpine Gaul.
(01:44 / All) PayWith_URsweat: do brazilians ask lots of questions about maps?
(01:56 / All) I_h8_this_game.: seems like it
(02:05 / All) BeastsOfPrey: Pedicabo et tu, cinaede et pathice !
(02:12 / All) BeastsOfPrey: I hail from Cisalpine Gaul in Rome
(02:17 / All) PayWith_URsweat: im not gay, im sorry
(02:17 / All) BigBuck: SEEMS LIKE IVE BEEN HERE BEFORE
(02:20 / All) BigBuck: SEEMS SO FAMILIAR
(02:26 / All) BigBuck: SEEMS LIKE I'M SLIPPING INTO A DREAM WITHIN A DREAM
(02:40 / All) PayWith_URsweat: go with it green
(03:42 / All) BigBuck: purple good
(03:44 / Allies) madara-wsa: ready?
(03:52 / Allies) madara-wsa: meet
(03:53 / Allies) the_wetback: we rushing?
(03:55 / All) BigBuck: come back from alt tab to see level 1 bm harss
(03:57 / All) BigBuck: lovely lol
(04:09 / Allies) madara-wsa: yellow wheres your stuff
(04:15 / Allies) the_wetback: i am a slut
(04:37 / Allies) madara-wsa: where do you see yourself in 15 minutes
(04:43 / Allies) madara-wsa: green
(04:52 / Allies) the_wetback: jacking offf
(04:58 / Allies) madara-wsa: after losing
(05:09 / Allies) PayWith_URsweat: lez go
(05:11 / Allies) BigBuck: I didn't know you rushing lawl
(05:16 / Allies) madara-wsa: i said right at start
(05:24 / All) BigBuck: F*UCKJIG\dsnhg
(05:42 / All) BigBuck: duimb mother fucker
(05:48 / All) BigBuck: lLOL
(05:49 / All) BigBuck: and tp
(05:50 / Allies) madara-wsa: back
(06:00 / All) BigBuck: lucky faggot
(06:01 / Allies) madara-wsa: back to my base
(06:07 / Allies) madara-wsa: we all rush we woulda won
(06:39 / Allies) madara-wsa: rego
(06:52 / All) BigBuck: don'
(06:57 / All) BigBuck: t alt tab with orcs
(07:06 / All) BigBuck: could get a retard in your game
(07:11 / All) BigBuck: that thinks harassing level 1 is a good plan
(07:43 / Allies) PayWith_URsweat: otw yelo
(07:53 / Allies) PayWith_URsweat: he lots toerwe
(07:56 / Allies) BigBuck: he has no tp
(08:19 / All) BigBuck: good one lol
(08:45 / All) BigBuck: this is why you are sub 50% purple
(08:54 / All) BigBuck: TOWER
(09:25 / All) PayWith_URsweat: ownd me
(09:30 / All) BeastsOfPrey: thought that was full wall
(09:37 / All) PayWith_URsweat: whats that
(09:46 / All) BigBuck: pots don't stack bitch retard
(10:18 / All) PayWith_URsweat: whats with all the gay jokes
(11:02 / Allies) madara-wsa: need aa
(11:03 / Allies) madara-wsa: tp out
(11:15 / All) BigBuck: see ya
(11:42 / Allies) madara-wsa: yellow please get web
(11:48 / Allies) the_wetback: i have it
(11:50 / Allies) madara-wsa: ok
(11:56 / Allies) madara-wsa: regroup and hit together
(12:00 / Allies) the_wetback: we hit again
(12:39 / Allies) madara-wsa: focus fire
(13:11 / Allies) BigBuck: the hippo riders
(14:20 / All) PayWith_URsweat: ic
(14:35 / Allies) BigBuck: gold
(14:48 / Allies) BigBuck: gold me
(15:02 / Allies) madara-wsa: green to me
(15:29 / All) BigBuck: Orange must be an immigration agent
(15:40 / Allies) madara-wsa: green to me
(15:47 / Allies) BigBuck: I'm not a dog
(15:51 / Allies) madara-wsa: please
(15:55 / Allies) madara-wsa: we need to thit
(15:58 / Allies) madara-wsa: hit
(16:00 / Allies) madara-wsa: we letting them build upo
(16:21 / Allies) BigBuck: gold
(16:33 / Allies) the_wetback: hit
(16:40 / Allies) madara-wsa: you hit up i hit down
(16:47 / Allies) madara-wsa: red and green join one of us please
(17:04 / Allies) BigBuck: gold
(17:17 / Allies) BigBuck: stay red
(17:54 / All) I_h8_this_game.: Gg Whole team had nothin..
(18:09 / Allies) BigBuck: GOLD MOTHERFUCKERS
(18:10 / All) PayWith_URsweat: thats not true, your exacturationion
(18:26 / All) I_h8_this_game.: What?
(18:32 / Allies) BigBuck: lumber
(19:21 / All) PayWith_URsweat: gg foreiners
(19:35 / All) PayWith_URsweat: make rokognitions
(19:36 / All) the_wetback: lol
(19:43 / Allies) BigBuck: lumbers please
(20:09 / All) the_wetback: well seee how long you last oj
(20:22 / All) BeastsOfPrey: longer than your base I'm sure
(20:26 / All) the_wetback: rofl
(20:39 / All) madara-wsa: that using one hero all game worked out well for your team
(20:39 / All) the_wetback: longer than purp and pink rofl
(21:32 / All) PayWith_URsweat: gg my friends
(21:51 / All) BeastsOfPrey: not over yet
(22:27 / Allies) BigBuck: gold please?
(23:07 / All) madara-wsa: we have tanks and no cannon towers?
(23:17 / All) PayWith_URsweat: no cannon?
(23:19 / All) the_wetback: rofl oj
(23:54 / All) PayWith_URsweat: sweet bass
(25:39 / All) PayWith_URsweat: green your attacking the awesome player
(26:25 / All) PayWith_URsweat: how the tables have trned
(26:32 / All) BeastsOfPrey: lol
(26:53 / Allies) madara-wsa: why green?
(26:55 / Allies) madara-wsa: explain pls
(27:01 / Allies) PayWith_URsweat: teal just kill his main?
(27:53 / Allies) PayWith_URsweat: lets hit oj teal
(27:55 / All) madara-wsa: do you know green oj?
(28:00 / All) BigBuck: wood please
(28:08 / All) PayWith_URsweat: lol whyyyyyyyy
(28:12 / All) madara-wsa: how you end up in same game
(28:14 / All) madara-wsa: is my question
(28:14 / All) BeastsOfPrey: To laugh at the misery of others
(28:18 / All) PayWith_URsweat: lol
(28:19 / All) BeastsOfPrey: Secret bro
(28:26 / All) madara-wsa: i can look it up online
(28:29 / All) madara-wsa: or you can just tell me
(28:30 / All) BeastsOfPrey: Sure you can, sport
(28:38 / All) BeastsOfPrey: Go google that shit right now
(28:40 / All) PayWith_URsweat: so much miseryyyyyyyyyyy
(30:15 / All) BigBuck: BM harass never does shit
(30:16 / All) BigBuck: level 1
(30:23 / All) BeastsOfPrey: kills 2 workers if lucky
(30:28 / All) BigBuck: why so many retards do it and forswear creeping to level ?
(30:30 / All) BigBuck: 3
(30:37 / All) BigBuck: he got like 5 of mine
(30:39 / Allies) BigBuck: I had 12
(30:41 / All) BigBuck: I had 12
(30:44 / All) BeastsOfPrey: I doubt they even know the difference between lvl 1 and lvl 2 windwalk
(30:44 / All) BigBuck: I was alt tabbing and shit
(31:58 / All) BeastsOfPrey: I fucked my expo creeping this game early on
(32:02 / All) BeastsOfPrey: thought I had enough to creep the hydras
(32:07 / All) BeastsOfPrey: Should have gotten 1 gryphon first
(32:24 / All) BeastsOfPrey: or mechanical critter trick
(32:45 / All) BigBuck: That's really not that great of a trick
(32:52 / All) BeastsOfPrey: It means you can fast expo t1 on this map
(32:53 / All) BigBuck: it's better to just get the units to creep it
(32:55 / All) BeastsOfPrey: for huge econ advantage
(33:13 / All) BigBuck: if they don't fuck with you at all
(33:22 / All) BeastsOfPrey: should never do it on outside position
(33:39 / All) BigBuck: well purple harassed me I'm inside base
(34:11 / All) BigBuck: kill yellow's base next
(34:21 / All) BeastsOfPrey: k
(35:20 / All) BigBuck: Wow
(35:24 / All) BeastsOfPrey: ?
(35:24 / All) BigBuck: REd couldn't spell worth a shit
(35:34 / All) BeastsOfPrey: yeah I had no idea what he even meant at times
(35:48 / All) BigBuck: teal was calling me like a dog
(35:51 / All) BigBuck: "green to me"
(35:55 / All) BeastsOfPrey: lol
(36:55 / All) BeastsOfPrey: so tempted to flame strike
(37:01 / All) BigBuck: go ahead he ain't talking anywaay
(37:11 / All) BigBuck: lawl